 Dungeon Crawl Stone Soup version 0.26-a0-753-g4680b4fa2e (webtiles) character file.

Game seed: 2043996782065991410

49442 RaHiT the Fighter (level 14, -8/77 HPs)
             Began as a Demonspawn Chaos Knight on Nov 7, 2020.
             Was a Plaything of Xom.
             Mangled by a bone dragon (12 damage)
             ... on level 2 of the Abyss.
             The game lasted 03:18:44 (26935 turns).

RaHiT the Fighter (Demonspawn Chaos Knight)        Turns: 26935, Time: 03:18:44

Health: -8/77      AC: 25    Str: 19    XL:     14   Next: 16%
Magic:  0/25       EV: 15    Int: 18    God:    Xom [..*...]
Gold:   1343       SH:  0    Dex: 13    Spells: 21/28 levels left

rFire    + . .     SeeInvis +     - Unarmed
rCold    + . .     Faith    .   (no shield)
rNeg     + . .     Spirit   +   C - +5 ring mail of the Bells {rN+}
rPois    +         Reflect  .   (helmet unavailable)
rElec    .         Harm     .   E - +1 cloak
rCorr    .         Rampage  .   X - +2 pair of gloves
MR       ++...     Clarity  +   o - +2 pair of boots
Stlth    +.........             M - amulet of the acrobat
HPRegen  0.62/turn              V - +4 ring of evasion
MPRegen  0.19/turn              S - +6 ring of strength

@: lethally poisoned (-8 -> -12), berserk cooldown, slowed, invisible, very slow
A: antennae 3, hooves 1, molten scales 3, [berserk 1], blurry vision 1, clarity,
cold resistance 1, frail 1[+2], magic resistance 1, poison resistance, powered
by death 2, regeneration 1, wild magic 1, magic shield, MP-powered wands
a: Renounce Religion


You were on level 2 of the Abyss.
You worshipped Xom.
You were a toy of Xom.
You visited 2 branches of the dungeon, and saw 17 of its levels.
You visited the Abyss 1 time.
You also visited: Volcano.

You collected 1613 gold pieces.
You spent 270 gold pieces at shops.

Inventory:

Hand Weapons
 b - the +8 hand crossbow of Guile {penet, rN+++ Str-2 Int+2 Stlth+}
   (You found it on level 3 of the Lair of Beasts)

   Ammo fired by it will pass through the targets it hits, potentially hitting
   all targets in its path until it reaches maximum range.
   It affects your strength (-2).
   It affects your intelligence (+2).
   It renders you almost immune to negative energy.
   It makes you more stealthy.
Missiles
 c - a javelin
 d - 638 stones (quivered)
 i - 23 poisoned darts
 q - 15 silver javelins
 s - 87 bolts
 Q - 26 atropa-tipped darts
 R - 4 boomerangs
Armour
 a - a +1 ring mail of cold resistance
 o - a +2 pair of boots (worn)
 C - the +5 ring mail of the Bells (worn) {rN+}
   (You found it on level 4 of the Dungeon)

   It protects you from negative energy.
 E - a +1 cloak (worn)
 T - a +0 buckler of cold resistance
 X - a +2 pair of gloves (worn)
 Z - the +0 scale mail "Gefosem" {Rampage}
   (You found it on level 4 of the Lair of Beasts)

   It bestows one free step when moving towards enemies.
Jewellery
 p - an uncursed ring of ice
 r - an uncursed ring of protection from magic
 M - an amulet of the acrobat (around neck)
 O - an uncursed ring of protection from magic
 S - a +6 ring of strength (right hand)
 V - a +4 ring of evasion (left hand)
Wands
 k - a wand of polymorph (10)
 z - a wand of random effects (17)
 D - a wand of paralysis (9)
 J - a wand of flame (9)
 N - a wand of disintegration (9)
 P - a wand of iceblast (17)
 U - a wand of digging (3)
Scrolls
 e - 2 scrolls of fog
 j - a scroll of blinking
 l - 9 scrolls of enchant weapon
 v - 6 scrolls of enchant armour
 w - a scroll of immolation
 y - 9 scrolls of remove curse
 A - a scroll of identify
 G - a scroll of fear
 L - 3 scrolls of magic mapping
 W - a scroll of amnesia
Potions
 m - a potion of haste
 n - 3 potions of resistance
 t - a potion of mutation
 B - 3 potions of might
 F - 5 potions of flight
 H - 2 potions of attraction
 K - a potion of brilliance
Miscellaneous
 f - a phial of floods


   Skills:
 - Level 10.0 Fighting
 - Level 7.0 Throwing
 - Level 10.0 Armour
 - Level 1.0 Dodging
 - Level 10.0 Unarmed Combat
 + Level 7.6 Spellcasting
 - Level 6.0 Hexes
 - Level 7.0 Transmutations
 - Level 7.0 Earth Magic
 - Level 7.0 Evocations


You had 21 spell levels left.
You knew the following spells:

 Your Spells              Type           Power        Failure   Level
b - Petrify               Tmut/Erth      #####...     13%         4
c - Confusing Touch       Hex            #####...     7%          3

Your spell library contained the following spells:

 Spells                   Type           Power        Failure   Level
 Corona                   Hex            #####..      2%          1
 Tukima's Dance           Hex            #####...     7%          3
 Ensorcelled Hibernation  Hex/Ice        ###...       11%         2
 Dazzling Flash           Conj/Hex       ###...       21%         3
 Pain                     Necr           #...         22%         1
 Sublimation of Blood     Necr           #.........   32%         2
 Yara's Violent Unravell  Hex/Tmut       #####.....   38%         5
 Ice Form                 Ice/Tmut       ####....     45%         4
 Gell's Gravitas          Tloc           #.........   52%         3
 Vampiric Draining        Necr           #.........   52%         3
 Borgnjor's Vile Clutch   Necr/Erth      ####......   78%         5
 Metabolic Englaciation   Hex/Ice        ###.......   83%         5
 Animate Dead             Necr           #.........   88%         4
 Agony                    Necr           #.......     99%         5
 Excruciating Wounds      Necr           #.........   99%         5
 Death Channel            Necr           #.........   100%        6
 Freezing Cloud           Conj/Ice/Air   #.........   100%        6
 Ozocubu's Refrigeration  Ice            #.........   100%        6
 Simulacrum               Ice/Necr       #.........   100%        6


Dungeon Overview and Level Annotations

Branches:
Dungeon (11/15)            Temple (0/1) D:7            Lair (6/6) D:11
  Swamp (0/4) Lair:3       Spider (0/4) Lair:3          Orc (0/2) D:10
Volcano (visited)
  Slime: Lair:5-6

Altars:
Ashenzari
Dithmenos
Fedhas
Gozag
Nemelex Xobeh
Sif Muna
Wu Jian
Xom
Yredelemnul

Shops:
D:11 [

Annotations:
D:8 Anumated BroadAXE of CHAOS!!!


Innate Abilities, Weirdness & Mutations

You have a pair of large antennae on your head. (SInv)
You are completely covered in molten scales. (AC +4, rF+)
You regenerate health from kills.
When hurt, damage is shared between your health and your magic reserves.
You have large cloven feet.
Scrolls take you a little longer to read.
You possess an exceptional clarity of mind.
Your flesh is cold resistant. (rC+)
You are resistant to hostile enchantments. (MR+)
Your system is resistant to poisons. (rPois)
Your natural rate of healing is unusually fast.
Your spells are a little harder to cast, but a little more powerful.
You expend magic power (3 MP) to strengthen your wands.
[You tend to lose your temper in combat.]
[You are extremely frail. (-30% HP)]


Message History

The bone dragon tramples you!
* * * LOW HITPOINT WARNING * * *
You hold your ground!
The wizard hits you but does no damage.
You punch the wizard!
The wizard is heavily wounded.
You feel sick.
The reaper hits you from afar with a +3 scythe of venom!!
* * * LOW HITPOINT WARNING * * *
The rakshasa hits you but does no damage.
Unknown command.
You are no longer berserk.
You are exhausted.
You feel yourself slow down.
* * * LOW HITPOINT WARNING * * *
You feel sick.
You fade into invisibility!
* * * LOW HITPOINT WARNING * * *
You feel sick. The bone dragon bites you!
You die...
Xom laughs nastily!

.... .. .. ..#.#
. ... .#.# ##
.#.... #.# .
..D...# ##.
'##.......####
..# . .### .
##.###.## # .#..
....##.#.#..#.#
#.. .
.....2.D@...#
###.#
.....#.p...#
..#.....##.R#..#
#....###.
#.#....#.# .# .
## # ...#..#.. .
.......# .# #
#.....### #
##..... ##..#..


You could see a bone dragon, a reaper, a rakshasa and a wizard (invisible).

Vanquished Creatures
  11 hydras
  A catoblepas (Lair:5)
  A boulder beetle (D:6)
  A two-headed ogre (D:8)
  3 death yaks (Lair:5)
  Nergalle (Lair:4)
  A thrashing horror (Abyss:2)
  The ghost of Kinoniko the Fighter, a novice GrFi of Makhleb (D:9)
  A salamander mystic (Volcano)
  A lindwurm (Lair:3)
  2 large abominations (Abyss:2)
  A shining eye (Lair:6)
  A cyclops (D:11)
  An ugly thing (D:11)
  A centaur zombie (D:11)
  4 salamanders
  12 elephants
  3 black mambas (Lair:5)
  A torpor snail (Lair:3)
  7 cane toads
  2 molten gargoyles (Volcano)
  Maggie (Lair:1)
  7 komodo dragons
  A yaktaur (D:10)
  5 rime drakes
  An ancient zyme (Abyss:2)
  A jumping spider (Lair:5)
  A wind drake (shapeshifter) (Lair:1)
  4 polar bears
  9 dream sheep
  5 blink frogs
  3 raiju (Abyss:2)
  A wraith (Abyss:2)
  A ynoxinul (Abyss:2)
  27 yaks
  A basilisk (Lair:6)
  A human (D:10)
  4 wyverns
  A fire elemental (Abyss:2)
  2 fire bats (Volcano)
  2 steam dragons
  A neqoxec (Abyss:2)
  2 swamp worms (Lair:3)
  An acid dragon (D:9)
  7 water moccasins
  4 orc warriors
  A swamp drake (D:5)
  3 ice beasts
  Duvessa (D:5)
  A sky beast (D:5)
  4 small abominations (Abyss:2)
  6 black bears
  2 phantoms
  3 necrophages
  11 wolves
  4 ogres
  5 centaurs
  3 big kobolds
  14 bullfrogs
  Dowan (D:5)
  2 scorpions
  11 killer bees
  13 wights
  5 howler monkeys (D:9)
  2 electric eels
  7 lava snakes (Volcano)
  3 hounds
  3 bullfrog skeletons
  2 jellies
  12 orc wizards
  10 orc priests
  10 iguanas
  9 worker ants
  2 hound zombies
  3 hound skeletons
  A howler monkey zombie (D:7)
  Robin (D:1)
  4 gnolls (D:5)
  6 adders
  5 white imps
  2 ufetubi (Abyss:2)
  An ooze (D:2)
  4 worms
  A dart slug (D:2)
  6 leopard geckos
  60 orcs
  A ball python (D:2)
  11 giant cockroaches
  22 goblins
  9 hobgoblins
  6 jackals
  21 kobolds
  2 quokkas
  12 bats
  2 frilled lizards
  8 rats
488 creatures vanquished.

Vanquished Creatures (collateral kills)
  A death yak (Lair:5)
  A hell knight (Volcano)
  2 elephants (Lair:6)
  A gargoyle (D:11)
  A cane toad (Lair:2)
  A dream sheep (Lair:6)
  Sigmund (D:3)
  3 yaks
  A water moccasin (Lair:2)
  An ice beast (D:11)
  A necrophage (D:8)
  3 bullfrogs
  2 wights
  2 howler monkeys (D:6)
  A quasit (D:6)
  2 hounds
  An orc priest (D:10)
  3 orc wizards
  Jessica (D:3)
  A worker ant (D:6)
  Terence (D:1)
  7 orcs
  A quokka (D:5)
  A bat (D:3)
  A quokka skeleton (D:9)
41 creatures vanquished.

Vanquished Creatures (others)
  A death yak (Lair:5)
  A salamander (Volcano)
  A troll (D:9)
  3 blink frogs
  A yak (D:10)
  Menkaure (D:4)
  2 centaurs (D:7)
  A quasit (Abyss:2)
  47 fungi
  42 plants
  5 starspawn tentacles (Abyss:2)
105 creatures vanquished.

Grand Total: 634 creatures vanquished

Notes
Turn   | Place    | Note
-------+----------+-------------------------------------------
     0 | D:1      | RaHiT the Demonspawn Chaos Knight began the quest for the
                  | Orb.
     0 | D:1      | Reached XP level 1. HP: 18/18 MP: 1/1
    98 | D:1      | Reached skill level 1 in Dodging
   220 | D:1      | Gained mutation: You have a pair of small antennae on your
                  | head. [demonic ancestry]
   220 | D:1      | Reached XP level 2. HP: 21/24 MP: 2/2
   532 | D:1      | XOM: divination: magic mapping
   560 | D:1      | Gained mutation: You have a pair of antennae on your head.
                  | [demonic ancestry]
   560 | D:1      | Reached XP level 3. HP: 26/29 MP: 3/3
   714 | D:1      | XOM: divination: detect items
   874 | D:1      | XOM: divination: detect creatures
   919 | D:2      | Noticed Terence
   979 | D:2      | Noticed Robin
  1191 | D:1      | Killed Robin
  1191 | D:1      | Gained mutation: You regenerate a little health from kills.
                  | [demonic ancestry]
  1191 | D:1      | Reached XP level 4. HP: 16/35 MP: 4/4
  1607 | D:2      | XOM: 3-stop teleportation journey
  1965 | D:2      | XOM: cleaving
  1983 | D:2      | XOM: noise
  2021 | D:2      | XOM: enchant monster (good)
  2023 | D:2      | XOM: noise
  2323 | D:1      | XOM: summons friendly shadow imp
  2333 | D:1      | Killed Terence
  2333 | D:1      | Reached skill level 5 in Unarmed Combat
  2620 | D:2      | Reached XP level 5. HP: 41/41 MP: 5/5
  3027 | D:3      | XOM: god gift: 8 silver javelins
  3050 | D:3      | Noticed Sigmund
  3056 | D:3      | XOM: summons 5 friendly demons
  3060 | D:3      | Killed Sigmund
  3060 | D:3      | Reached XP level 6. HP: 39/50 MP: 6/6
  3175 | D:3      | Reached skill level 5 in Fighting
  3184 | D:3      | XOM: 2-stop teleportation journey
  3238 | D:3      | XOM: fog
  3269 | D:3      | XOM: god gift: 17 bolts
  3328 | D:3      | XOM: god gift: scroll labeled ROZXIBAGOKH {god gift}
  3450 | D:3      | XOM: enchant monster (good)
  3458 | D:3      | Noticed Jessica
  3473 | D:3      | Killed Jessica
  3631 | D:3      | XOM: stat loss: -1 Dex (11/12)
  3747 | D:4      | XOM: polymorph orc -> leopard gecko
  3800 | D:4      | Noticed Menkaure
  3828 | D:4      | Killed Menkaure
  3828 | D:4      | XOM: divine lightning
  3884 | D:4      | XOM is BORED!
  3884 | D:4      | XOM: noise
  4023 | D:4      | XOM: stat loss: -1 Int (14/15)
  4150 | D:4      | Got a steaming ring mail
  4161 | D:4      | Identified the +5 ring mail of the Bells {rN+} (You found
                  | it on level 4 of the Dungeon)
  4262 | D:4      | XOM: god gift: scroll labeled ROZXIBAGOKH {god gift}
  4400 | D:5      | Entered Level 5 of the Dungeon
  4433 | D:5      | Identified the Tome of Dark Rites
  4504 | D:5      | XOM: noise
  4512 | D:5      | Noticed a sky beast
  4518 | D:5      | XOM: enchant monster (good)
  4528 | D:5      | Killed a sky beast
  4543 | D:5      | Found a broken altar of Ashenzari.
  4572 | D:5      | Reached XP level 7. HP: 47/58 MP: 7/7
  4593 | D:5      | Noticed Duvessa
  4593 | D:5      | XOM: scenery: create altars
  4594 | D:5      | Noticed Dowan
  4603 | D:5      | XOM: summons 3 friendly demons
  4615 | D:5      | Killed Dowan
  4640 | D:5      | XOM: noise
  4660 | D:5      | XOM: swap monsters
  4664 | D:5      | Killed Duvessa
  4727 | D:5      | XOM: blink monster(s)
  4730 | D:5      | XOM: chaos upgrade
  4731 | D:5      | XOM: noise
  4747 | D:5      | XOM: confusion
  4755 | D:5      | XOM: summons 1 friendly demon
  4860 | D:5      | XOM: chaos cloud
  4955 | D:5      | XOM: polymorph orc wizard -> swamp drake
  4958 | D:5      | XOM: swap monsters
  4966 | D:5      | XOM: confusion
  4986 | D:5      | Reached skill level 5 in Armour
  4986 | D:5      | Reached skill level 1 in Throwing
  5103 | D:5      | XOM: enchant monster (bad)
  5117 | D:5      | Reached XP level 8. HP: 52/61 MP: 8/8
  5269 | D:5      | Reached skill level 1 in Evocations
  5498 | D:5      | Learned a level 3 spell: Confusing Touch
  5503 | D:5      | Learned a level 4 spell: Petrify
  5794 | D:6      | XOM: summons 8 friendly demons
  5828 | D:6      | Noticed a boulder beetle
  5829 | D:6      | XOM: potion effect (might)
  5849 | D:6      | XOM: silly message
  5854 | D:6      | Killed a boulder beetle
  5854 | D:6      | Reached skill level 5 in Evocations
  5854 | D:6      | Reached skill level 5 in Throwing
  5854 | D:6      | Gained mutation: You are partially covered in molten
                  | scales. (AC +2) [demonic ancestry]
  5854 | D:6      | Reached XP level 9. HP: 66/66 MP: 9/9
  5912 | D:6      | Found a basalt altar of Yredelemnul.
  6032 | D:6      | You fall into a shaft and drop 1 floor!
  6111 | D:7      | XOM: god gift: thin runed staff {god gift}
  6156 | D:7      | Found an opulent altar of Gozag.
  6246 | D:6      | Found a shadowy altar of Dithmenos.
  6246 | D:6      | Found an ornate altar of the Wu Jian Council.
  6246 | D:6      | Found a sparkling altar of Nemelex Xobeh.
  6246 | D:6      | Found a blossoming altar of Fedhas.
  6246 | D:6      | Found a shimmering blue altar of Sif Muna.
  6441 | D:6      | XOM: give mutations
  6441 | D:6      | Gained mutation: Your system is resistant to poisons.
                  | (rPois) [Xom's grace]
  6441 | D:6      | Gained mutation: Your mind is acute. (Int +2) [Xom's grace]
  6441 | D:6      | Gained mutation: Your mind is very acute. (Int +4) [Xom's
                  | grace]
  6441 | D:6      | Gained mutation: You evolve. [Xom's grace]
  6746 | D:7      | XOM: 1-stop teleportation journey
  6813 | D:7      | XOM: torment (38/66 hp)
  7019 | D:7      | XOM: noise
  7066 | D:7      | Found a staircase to the Ecumenical Temple.
  7203 | D:7      | XOM: noise
  7204 | D:7      | XOM: swap monsters
  7214 | D:7      | XOM: cast spell 'Summon Small Mammal'
  7269 | D:7      | Gained mutation: You are clumsy. (Dex -2) [evolution]
  7310 | D:8      | XOM: 3-stop teleportation journey
  7657 | D:8      | Noticed a two-headed ogre
  7670 | D:8      | XOM: confusion (+ monsters)
  7686 | D:8      | Killed a two-headed ogre
  7689 | D:8      | XOM: summons friendly ufetubus
  7695 | D:8      | Gained mutation: You have a pair of large antennae on your
                  | head. (SInv) [demonic ancestry]
  7695 | D:8      | Reached XP level 10. HP: 24/76 MP: 10/10
  8551 | D:8      | XOM: give mutation
  8551 | D:8      | Gained mutation: You have large cloven feet. [Xom's grace]
  8600 | D:9      | XOM: fog
  9025 | D:9      | XOM: scenery: 1 doors open
  9042 | D:9      | XOM: fog
  9071 | D:9      | Found a runed translucent door.
  9071 | D:9      | Found a shimmering altar of Xom.
  9071 | D:9      | Noticed Kinoniko's ghost (novice GrFi)
  9072 | D:9      | Noticed a +0 broad axe of chaos
  9075 | D:9      | XOM: fog
  9087 | D:9      | XOM: summons 4 friendly demons
  9158 | D:9      | XOM: fog
  9159 | D:9      | XOM: divination: detect items
  9165 | D:9      | XOM: 2-stop teleportation journey
  9189 | D:9      | XOM: confusion (+ monsters)
  9211 | D:9      | XOM: potion effect (heal wounds)
  9287 | D:9      | Found an opulent altar of Gozag.
  9331 | D:8      | XOM: scenery: create altars
  9338 | D:8      | XOM: cleaving
  9339 | D:8      | XOM: noise
  9612 | D:9      | XOM: confusion (+ monsters)
  9619 | D:9      | XOM: confusion
  9627 | D:9      | XOM: polymorph orc wizard -> jelly
  9676 | D:9      | XOM: enchant monster (bad)
  9682 | D:9      | XOM: noise
  9685 | D:9      | XOM: cast spell 'Summon Ice Beast'
  9906 | D:9      | XOM: enchant monster (bad)
  9939 | D:9      | Gained mutation: You rapidly evolve. [evolution]
  9951 | D:9      | XOM: potion effect (haste)
  9953 | D:9      | XOM: swap monsters
 10014 | D:9      | XOM: polymorph adder -> bat
 10050 | D:9      | XOM: confuse monster(s)
 10082 | D:9      | XOM: blink monster(s)
 10098 | D:9      | XOM: enchant monster (bad)
 10099 | D:9      | XOM: silly message
 10101 | D:9      | XOM: blink monster(s)
 10106 | D:9      | XOM: swap monsters
 10124 | D:9      | XOM: summons friendly iron imp
 10128 | D:9      | XOM: chaos cloud
 10134 | D:9      | XOM: summons 3 friendly demons
 10161 | D:9      | XOM: confusion (+ monsters)
 10191 | D:9      | Killed Kinoniko's ghost
 10231 | D:9      | XOM: give mutation
 10231 | D:9      | Lost mutation: You rapidly evolve. [Xom's mischief]
 10250 | D:9      | XOM: silly message
 10402 | D:9      | XOM: stat loss: -1 Int (19/21)
 10653 | D:10     | Entered Level 10 of the Dungeon
 10712 | D:10     | XOM: 4-stop teleportation journey
 10739 | D:10     | XOM: confuse monster(s)
 10750 | D:10     | XOM: stat loss: -1 Dex (8/10)
 10818 | D:10     | XOM: fog
 10829 | D:10     | XOM: blink monster(s)
 10863 | D:10     | XOM: chaos cloud
 10944 | D:10     | XOM: polymorph yak -> yaktaur
 10963 | D:10     | Gained mutation: When hurt, damage is shared between your
                  | health and your magic reserves. [demonic ancestry]
 10963 | D:10     | Reached XP level 11. HP: 73/86 MP: 17/17
 10968 | D:10     | XOM: 2-stop teleportation journey
 11015 | D:9      | XOM: polymorph wyvern -> acid dragon
 11019 | D:9      | XOM: silly message
 11032 | D:9      | XOM: noise
 11051 | D:9      | XOM: divination: detect items
 11422 | D:10     | Reached skill level 5 in Spellcasting
 11424 | D:10     | XOM: divination: detect creatures
 11431 | D:10     | XOM: noise
 11433 | D:10     | XOM: enchant monster (bad)
 11434 | D:10     | XOM: summons 11 friendly demons
 11454 | D:10     | Found a staircase to the Orcish Mines.
 11484 | D:10     | XOM: 1-stop teleportation journey
 11707 | D:10     | Found a shadowy altar of Dithmenos.
 11853 | D:10     | XOM: silly message
 11966 | D:10     | XOM: 2-stop teleportation journey
 11970 | D:10     | XOM: divination: detect items
 12113 | D:10     | Got a warped flail
 12114 | D:10     | Identified the +8 flail of Judgement {vorpal, Str+6 Int+3
                  | Dex-2} (You found it on level 10 of the Dungeon)
 12233 | D:11     | Found Neggyone's Antique Armour Shop.
 12330 | D:11     | XOM: enchant monster (bad)
 12436 | D:11     | Found a staircase to the Lair.
 12463 | D:11     | XOM: divination: detect items
 12468 | D:11     | XOM: confuse monster(s)
 12495 | D:11     | XOM: enchant monster (good)
 12496 | D:11     | Noticed a six-headed hydra
 12509 | D:11     | XOM: enchant monster (bad)
 12517 | D:10     | XOM: cast spell 'Olgreb's Toxic Radiance'
 12523 | D:10     | XOM: enchant monster (bad)
 12715 | D:10     | XOM: enchant monster (bad)
 12717 | D:10     | XOM: cast spell 'Summon Horrible Things'
 12749 | D:10     | Killed a six-headed hydra
 12759 | D:10     | Reached skill level 1 in Hexes
 12864 | D:10     | XOM: give mutation
 12864 | D:10     | Gained mutation: You expend magic power (3 MP) to
                  | strengthen your wands. [Xom's grace]
 12870 | D:10     | XOM: god gift: thick jewelled staff {god gift}
 13027 | D:11     | Gained mutation: You are robust. (+10% HP) [evolution]
 13072 | D:11     | XOM: summons 2 friendly demons
 13097 | D:11     | Bought a glowing buckler for 270 gold pieces
 13170 | D:11     | XOM: scenery: create altars
 13215 | D:11     | XOM: cloud trail
 13229 | D:11     | XOM: polymorph manticore -> salamander
 13239 | D:11     | Noticed a green ugly thing
 13252 | D:11     | Killed a green ugly thing
 13571 | D:11     | XOM: god gift: potion of curing
 13589 | D:11     | Reached skill level 5 in Hexes
 13789 | Lair:1   | Entered Level 1 of the Lair of Beasts
 13864 | Lair:1   | XOM: polymorph cane toad -> black bear
 13904 | Lair:1   | Noticed a seven-headed hydra
 13919 | Lair:1   | Killed a seven-headed hydra
 14204 | Lair:1   | Reached skill level 1 in Transmutations
 14204 | Lair:1   | Reached skill level 1 in Earth Magic
 14238 | Lair:1   | Lost mutation: You are clumsy. (Dex -2) [evolution]
 14238 | Lair:1   | Lost mutation: You evolve. [end of evolution]
 14290 | Lair:1   | XOM: confuse monster(s)
 14329 | Lair:1   | XOM: summons 3 hostile demons
 14339 | Lair:1   | Noticed Maggie
 14415 | Lair:1   | Killed Maggie
 14434 | Lair:1   | XOM: stat loss: -1 Dex (11/12)
 14482 | Lair:1   | XOM: silly message
 14730 | Lair:1   | XOM: silly message
 14771 | Lair:1   | XOM: fog
 14785 | Lair:1   | Gained mutation: You are mostly covered in molten scales.
                  | (AC +3) [demonic ancestry]
 14785 | Lair:1   | Reached XP level 12. HP: 57/101 MP: 12/22
 14979 | Lair:1   | XOM: polymorph komodo dragon -> shapeshifter
 15071 | Lair:1   | XOM: summons 4 hostile shadow creatures
 15080 | Lair:1   | XOM: snakes to sticks
 15214 | Lair:1   | XOM: god gift: runed great mace {god gift}
 15234 | Lair:1   | XOM: noise
 15356 | Lair:1   | XOM: give mutations
 15356 | Lair:1   | Lost mutation: You are robust. (+10% HP) [Xom's mischief]
 15356 | Lair:1   | Gained mutation: Your flesh is cold resistant. (rC+) [Xom's
                  | mischief]
 15356 | Lair:1   | Lost mutation: Your mind is very acute. (Int +4) [Xom's
                  | mischief]
 15721 | Lair:1   | XOM: enchant monster (bad)
 15731 | Lair:1   | XOM: give mutations
 15731 | Lair:1   | Gained mutation: You possess an exceptional clarity of
                  | mind. [Xom's mischief]
 15731 | Lair:1   | Lost mutation: You expend magic power (3 MP) to strengthen
                  | your wands. [Xom's mischief]
 15731 | Lair:1   | Gained mutation: Your flesh is very cold resistant. (rC++)
                  | [Xom's mischief]
 15731 | Lair:1   | Lost mutation: Your mind is acute. (Int +2) [Xom's
                  | mischief]
 15884 | Lair:1   | XOM: noise
 15902 | Lair:1   | XOM: god gift: wand of iceblast (5)
 16197 | Lair:2   | XOM: enchant monster (good)
 16210 | Lair:2   | XOM: cast spell 'Summon Hydra'
 16239 | Lair:2   | XOM: scenery: summon butterflies
 16302 | Lair:2   | XOM: divination: detect creatures
 16320 | Lair:2   | XOM: fog
 16324 | Lair:2   | XOM: enchant monster (good)
 16616 | Lair:2   | XOM: 7-stop teleportation journey
 16796 | Lair:3   | Found a dark tunnel.
 16800 | Lair:3   | XOM: give mutations
 16800 | Lair:3   | Gained mutation: Your mind is acute. (Int +2) [Xom's grace]
 16800 | Lair:3   | Gained mutation: You expend magic power (3 MP) to
                  | strengthen your wands. [Xom's grace]
 16800 | Lair:3   | Gained mutation: Your spells are a little harder to cast,
                  | but a little more powerful. [Xom's grace]
 16801 | Volcano  | Entered a volcano
 17284 | Volcano  | XOM: 1-stop teleportation journey
 17465 | Volcano  | Reached skill level 5 in Transmutations
 17919 | Volcano  | Found a radiant altar of Vehumet.
 17935 | Volcano  | XOM: divination: detect items
 17956 | Volcano  | XOM: enchant monster (good)
 17963 | Volcano  | XOM: summons 11 friendly demons
 17968 | Volcano  | XOM: fake destruction
 17970 | Volcano  | XOM: cast spell 'Leda's Liquefaction'
 17976 | Volcano  | Reached skill level 5 in Earth Magic
 18178 | Volcano  | XOM: god gift: 4 atropa-tipped darts
 18190 | Volcano  | XOM: fog
 18220 | Volcano  | XOM: scenery: create altars
 18233 | Volcano  | XOM: enchant monster (good)
 18251 | Volcano  | XOM: smoke on damage
 18313 | Volcano  | XOM: cloud trail
 18532 | Volcano  | XOM is BORED!
 19216 | Lair:3   | XOM: confuse monster(s)
 19224 | Lair:3   | XOM: summons friendly ufetubus
 19252 | Lair:3   | XOM: cloud trail
 19303 | Lair:3   | XOM: give mutations
 19303 | Lair:3   | Gained mutation: You are completely covered in molten
                  | scales. (AC +4, rF+) [Xom's grace]
 19303 | Lair:3   | Gained mutation: You are resistant to hostile enchantments.
                  | (MR+) [Xom's grace]
 19303 | Lair:3   | Gained mutation: Your natural rate of healing is unusually
                  | fast. [Xom's grace]
 19350 | Lair:3   | XOM: confuse monster(s)
 19443 | Lair:3   | Got a slimy hand crossbow
 19447 | Lair:3   | Identified the +8 hand crossbow of Guile {penet, rN+++
                  | Str-2 Int+2 Stlth+} (You found it on level 3 of the Lair of
                  | Beasts)
 19517 | Lair:3   | XOM: noise
 19667 | Lair:2   | XOM: divination: magic mapping
 19688 | Lair:2   | XOM: cast spell 'Metabolic Englaciation'
 19689 | Lair:2   | XOM: noise
 19764 | Lair:3   | Noticed a five-headed hydra
 19817 | Lair:3   | Killed a five-headed hydra
 19937 | Lair:3   | XOM: give mutations
 19937 | Lair:3   | Lost mutation: You are completely covered in molten scales.
                  | (AC +4, rF+) [Xom's mischief]
 19937 | Lair:3   | Lost mutation: Your flesh is very cold resistant. (rC++)
                  | [Xom's mischief]
 20025 | Lair:3   | Found a hole to the Spider Nest.
 20025 | Lair:3   | XOM: summons 6 friendly demons
 20094 | Lair:3   | Noticed a seven-headed hydra
 20109 | Lair:3   | XOM: blink monster(s)
 20110 | Lair:3   | Killed a seven-headed hydra
 20247 | Lair:3   | Noticed a four-headed hydra
 20254 | Lair:3   | Killed a four-headed hydra
 20487 | Lair:3   | Found a staircase to the Swamp.
 20617 | Lair:4   | Noticed a four-headed hydra
 20629 | Lair:3   | Killed a four-headed hydra
 20629 | Lair:3   | Gained mutation: You regenerate health from kills. [demonic
                  | ancestry]
 20629 | Lair:3   | Reached XP level 13. HP: 86/101 MP: 13/23
 20647 | Lair:4   | Got a masterwork scale mail
 20663 | Lair:3   | Identified the cursed +0 scale mail "Gefosem" {Rampage}
                  | (You found it on level 4 of the Lair of Beasts)
 20707 | Lair:3   | XOM: cloud trail
 20737 | Lair:4   | XOM: silly message
 20847 | Lair:3   | XOM: divination: detect creatures
 20910 | Lair:3   | Reached skill level 10 in Fighting
 20993 | Lair:3   | XOM: cast spell 'Olgreb's Toxic Radiance'
 21016 | Lair:4   | XOM: potion effect (might)
 21052 | Lair:4   | XOM: noise
 21101 | Lair:4   | XOM: noise
 21105 | Lair:4   | XOM: enchant monster (bad)
 21151 | Lair:4   | XOM: enchant monster (good)
 21169 | Lair:4   | XOM: enchant monster (good)
 21214 | Lair:4   | Noticed Nergalle
 21242 | Lair:4   | XOM: cast spell 'Summon Small Mammal'
 21249 | Lair:4   | Killed Nergalle
 21251 | Lair:4   | XOM: divination: detect items
 21260 | Lair:4   | XOM: divination: detect creatures
 21262 | Lair:4   | XOM: enchant monster (good)
 21983 | Lair:4   | XOM: god gift: 21 stones
 22232 | Lair:5   | XOM: enchant monster (good)
 22315 | Lair:5   | XOM: confuse monster(s)
 22503 | Lair:5   | XOM: divination: magic mapping
 22549 | Lair:5   | XOM: noise
 22807 | Lair:5   | XOM: silly message
 22819 | Lair:5   | XOM: summons 4 friendly demons
 23147 | Lair:5   | XOM: give mutations
 23147 | Lair:5   | Lost mutation: Your mind is acute. (Int +2) [Xom's
                  | mischief]
 23147 | Lair:5   | Gained mutation: You occasionally shout uncontrollably at
                  | your foes. [Xom's mischief]
 23147 | Lair:5   | Lost mutation: You occasionally shout uncontrollably at
                  | your foes. [Xom's mischief]
 23159 | Lair:6   | Entered Level 6 of the Lair of Beasts
 23161 | Lair:6   | XOM: repel stairs
 23163 | Lair:6   | XOM: 1-stop teleportation journey
 23185 | Lair:6   | XOM: 1-stop teleportation journey
 23186 | Lair:6   | XOM: enchant monster (bad)
 23207 | Lair:6   | XOM: summons 4 hostile demons
 23215 | Lair:6   | XOM: divination: detect creatures
 23308 | Lair:6   | XOM: summons friendly iron imp
 23427 | Lair:5   | XOM: summons 10 friendly demons
 23500 | Lair:6   | XOM: enchant monster (bad)
 23503 | Lair:6   | XOM: polymorph rime drake -> black bear
 23510 | Lair:6   | XOM: confuse monster(s)
 23511 | Lair:6   | XOM: swap monsters
 23515 | Lair:6   | Reached skill level 10 in Unarmed Combat
 23539 | Lair:6   | XOM: noise
 23540 | Lair:6   | XOM: cast spell 'Shadow Creatures'
 23561 | Lair:6   | XOM: cast spell 'Discord'
 23590 | Lair:5   | XOM: divination: detect items
 23685 | Lair:6   | XOM: divination: detect creatures
 23702 | Lair:6   | XOM: cast spell 'Metabolic Englaciation'
 23780 | Lair:6   | XOM: cast spell 'Death Channel'
 23793 | Lair:6   | XOM: polymorph elephant -> moth of wrath
 23815 | Lair:6   | Gained mutation: Scrolls take you a little longer to read.
                  | [a shining eye]
 23828 | Lair:6   | XOM: polymorph elephant -> jumping spider
 23854 | Lair:5   | XOM: confuse monster(s)
 23859 | Lair:5   | XOM: destruction
 24198 | Lair:6   | XOM: fog
 24204 | Lair:6   | XOM: cleaving
 24208 | Lair:6   | XOM: divine lightning
 24229 | Lair:6   | XOM: scenery: summon butterflies
 24351 | Lair:6   | XOM: cloud trail
 24366 | Lair:6   | XOM: potion effect (brilliance)
 24381 | Lair:6   | XOM: cast spell 'Leda's Liquefaction'
 24385 | Lair:6   | XOM: confuse monster(s)
 24582 | Lair:5   | XOM: silly message
 24634 | Lair:6   | XOM: enchant monster (good)
 24659 | Lair:5   | Gained mutation: You are completely covered in molten
                  | scales. (AC +4, rF+) [demonic ancestry]
 24659 | Lair:5   | Reached XP level 14. HP: 110/110 MP: 19/24
 24705 | Lair:5   | XOM: divination: detect items
 24807 | Lair:5   | XOM: scenery: create altars
 24811 | Lair:5   | XOM: enchant monster (good)
 24849 | Lair:5   | XOM: summons 2 friendly demons
 24870 | Lair:5   | XOM: smoke on damage
 25006 | Lair:5   | XOM: noise
 25016 | Lair:5   | XOM: silly message
 25076 | Lair:4   | XOM: silly message
 25087 | Lair:4   | XOM: torment (43/110 hp)
 25123 | Lair:4   | XOM: polymorph death yak -> dire elephant
 25147 | Lair:4   | XOM: draining
 25271 | Lair:4   | Cast into level 2 of the Abyss (Xom)
 25378 | Abyss:2  | XOM: noise
 25379 | Abyss:2  | Noticed a starcursed mass
 25384 | Abyss:2  | XOM: confuse monster(s)
 25397 | Abyss:2  | XOM: repel stairs
 25399 | Abyss:2  | Noticed an angel
 25408 | Abyss:2  | XOM: polymorph small abomination -> small abomination
 25413 | Abyss:2  | XOM: scenery: summon butterflies
 25437 | Abyss:2  | Noticed a starcursed mass
 25452 | Abyss:2  | Found a corrupted altar of Lugonu.
 25472 | Abyss:2  | XOM: swap monsters
 25482 | Abyss:2  | Found a sacrificial altar of Ru.
 25597 | Abyss:2  | Noticed a tentacled starspawn
 25633 | Abyss:2  | XOM: destruction
 25636 | Abyss:2  | XOM: blink monster(s)
 25760 | Abyss:2  | XOM: scenery: 1 doors close
 25763 | Abyss:2  | XOM: enchant monster (bad)
 25764 | Abyss:2  | XOM: enchant monster (bad)
 25767 | Abyss:2  | XOM: polymorph quasit -> white imp
 25769 | Abyss:2  | XOM: torment (59/110 hp)
 25776 | Abyss:2  | XOM: blink monster(s)
 25778 | Abyss:2  | Found a burning altar of Makhleb.
 25780 | Abyss:2  | XOM: blink monster(s)
 25825 | Abyss:2  | XOM: destruction
 25840 | Abyss:2  | XOM: enchant monster (good)
 25875 | Abyss:2  | Found a corrupted altar of Lugonu.
 25934 | Abyss:2  | XOM: noise
 25954 | Abyss:2  | XOM: summons friendly ufetubus
 25996 | Abyss:2  | Found a corrupted altar of Lugonu.
 26053 | Abyss:2  | XOM: confuse monster(s)
 26106 | Abyss:2  | Noticed an angel
 26124 | Abyss:2  | Noticed an Executioner
 26124 | Abyss:2  | XOM: divine lightning
 26134 | Abyss:2  | XOM: fake destruction
 26170 | Abyss:2  | XOM: destruction
 26175 | Abyss:2  | XOM: polymorph small abomination -> small abomination
 26182 | Abyss:2  | Reached skill level 10 in Armour
 26214 | Abyss:2  | XOM: enchant monster (good)
 26254 | Abyss:2  | XOM: polymorph large abomination -> large abomination
 26269 | Abyss:2  | Noticed a black draconian annihilator
 26480 | Abyss:2  | Gained mutation: [You are extremely frail. (-30% HP)] [a
                  | neqoxec]
 26587 | Abyss:2  | XOM: potion effect (brilliance)
 26634 | Abyss:2  | Found a corrupted altar of Lugonu.
 26649 | Abyss:2  | XOM: cast spell 'Cause Fear'
 26869 | Abyss:2  | Noticed a reaper
 26874 | Abyss:2  | Noticed a bone dragon
 26883 | Abyss:2  | XOM: divination: detect creatures
 26903 | Abyss:2  | XOM: noise
 26935 | Abyss:2  | Mangled by a bone dragon

Illustrated notes

Levels and vault maps discovered:
D:1:      sevenhm_arrival_forest_fort_small_5, layout_loops_ring,
          minmay_heptomino_w4
D:2:      layout_loops_corners, uniq_robin, uniq_terence
D:3:      kennysheep_six_static_rooms, layout_loops_ring, uniq_sigmund,
          uniq_jessica
D:4:      layout_basic, skrybe_limestone_x, minmay_small_thing, uniq_menkaure
D:5:      layout_cave_pods, ashenzari_altar_1, uniq_duvessa
D:6:      layout_basic, grunt_temple_overflow_open, basic_altar
D:7:      layout_loops_ring, marbit_many_paths,
          minmay_temple_entry_statues_pillars, centaur_isle
D:8:      layout_loops_ring
D:9:      layout_stronghold, ebering_ghost_xom, basic_altar,
          serial_column_ruins, column_ruins_corridor_straight,
          column_ruins_open_tiny, column_ruins_columns_straight,
          column_ruins_open_tiny, column_ruins_open_small
D:10:     layout_roguey, erik_orc_4, basic_altar
D:11:     layout_layer_cave, lair_entry_dummy, serial_shops,
          nicolae_shop_statue_plus
Lair:1:   layout_regular_city, grunt_megastairs_2, serial_bayou_shore_a,
          uniq_maggie
Lair:2:   layout_gridlike, infiniplex_staircase_pool
Lair:3:   beast_lair_carwin_large_3, layout_gridlike, palyth_hydra_swamp_entry,
          nicolae_spider_entry_orb_guardian, nicolae_volcano_entry_vermiform,
          st_stairs_3
Lair:4:   layout_long_grid, uniq_nergalle
Lair:5:   layout_loops_ring, gammafunk_lair_bear_cave
Lair:6:   grunt_lair_end_beastmaster, layout_cave_shapes,
          dpeg_slime_entry_enclosed_altar, serial_bayou_shore_b
Abyss:2:  base: D:9, hangedman_abyss_or_decor_slice, bh_abyss_exit_grid,
          bh_abyss_exit_grid, serial_sigils_hangedman_quiver,
          evilmike_abyss_exit_vortex, hangedman_abyss_or_decor_passed,
          minivault_19, hangedman_abyss_mock_shop

Skill      XL: |  1  2  3  4  5  6  7  8  9 10 11 12 13 14 |
---------------+-------------------------------------------+-----
Dodging        | 1 |  1.0
Armour         | 2 3 5 6 7 9 10 | 10.0
Unarmed Combat | 3 4 5 7 10 | 10.0
Fighting       | 4 6 8 9 10 | 10.0
Throwing       | 2 5 7 |  7.0
Evocations     | 5 7 |  7.0
Spellcasting   | 4 7 |  7.6
Hexes          | 6 |  6.0
Transmutations | 3 7 |  7.0
Earth Magic    | 3 7 |  7.0

Action                   |  1- 3 |  4- 6 |  7- 9 | 10-12 | 13-15 || total
-------------------------+-------+-------+-------+-------+-------++-------
Melee: Unarmed           |   148 |   197 |   336 |  1571 |   951 ||  3203
       Punch             |     4 |     2 |     9 |    59 |    74 ||   148
 Fire: Hunting sling     |       |    90 |    42 |    22 |       ||   154
       Hand crossbow     |       |       |       |     4 |    54 ||    58
Throw: Stone             |     6 |     3 |       |     6 |       ||    15
       Dart              |       |     9 |    29 |   140 |    38 ||   216
       Javelin           |       |       |    22 |    40 |     1 ||    63
       Boomerang         |       |       |       |    88 |    34 ||   122
 Cast: Confusing Touch   |       |       |       |    37 |    59 ||    96
       Petrify           |       |       |       |    17 |    12 ||    29
Evoke: Wand              |       |       |     2 |    33 |    15 ||    50
       Phial of floods   |       |       |       |     1 |     1 ||     2
  Use: Scroll            |       |       |     8 |    12 |    13 ||    33
       Potion            |       |       |     2 |     6 |    19 ||    27
 Stab: Paralysed         |       |    10 |    23 |    14 |       ||    47
       Sleeping          |       |     1 |       |       |       ||     1
       Invisible         |       |       |     4 |       |       ||     4
       Confused          |       |       |       |    29 |    50 ||    79
       Petrified         |       |       |       |    68 |    35 ||   103
       Petrifying        |       |       |       |     1 |     1 ||     2
       Distracted        |       |       |       |       |     3 ||     3
Armor: Leather armour    |    34 |    54 |       |    37 |       ||   125
       Ring mail         |       |    10 |   148 |   711 |   597 ||  1466
Dodge: Dodged            |    89 |    95 |   162 |  1077 |  1159 ||  2582

Table legend: (Time is in decaauts)
 A = Elapsed time spent in this place.
 B = Non-inter-level travel time spent in this place.
 C = Inter-level travel time spent in this place.
 D = Time resting spent in this place.
 E = Time spent auto-exploring this place.
 F = Levels seen in this place.
 G = Mean time per level.
                   A        B        C        D        E       F      G
               +--------+--------+--------+--------+--------+-----+--------+
         Total |  26410 |  25793 |    617 |   4787 |   4574 |  19 | 1390.0 |
       Dungeon |  13512 |  12989 |    523 |   1539 |   3177 |  11 | 1228.4 |
          Lair |   9093 |   8999 |     94 |   1572 |   1397 |   6 | 1515.5 |
         Abyss |   1598 |   1598 |      0 |    263 |      0 |   1 | 1598.0 |
       Volcano |   2206 |   2206 |      0 |   1413 |      0 |   1 | 2206.0 |
               +--------+--------+--------+--------+--------+-----+--------+

Top non-repeatable levels by time:
 Volcano: 2206 daAuts
  Lair:5: 2127 daAuts
     D:9: 2060 daAuts
  Lair:3: 2020 daAuts
  Lair:1: 1980 daAuts
    D:10: 1710 daAuts
 Abyss:2: 1598 daAuts
     D:1: 1507 daAuts
  Lair:4: 1396 daAuts
     D:2: 1247 daAuts
     D:8: 1200 daAuts
     D:5: 1192 daAuts
     D:7: 1176 daAuts
  Lair:2: 1056 daAuts
    D:11: 1006 daAuts
